 Dungeon Crawl Stone Soup version 0.21.1-1-g345015f (webtiles) character file.

72 tidbits the Insei (level 4, 18/34 HPs)
             Began as a Gnoll Transmuter on Mar 16, 2018.
             Quit the game on level 3 of the Dungeon.
             The game lasted 00:03:20 (355 turns).

tidbits the Insei (Gnoll Transmuter)                 Turns: 355, Time: 00:03:21

Health: 18/34      AC:  1    Str: 12    XL:     4   Next: 26%
Magic:  2/11       EV: 15    Int: 17    God:
Gold:   38         SH:  0    Dex: 15    Spells: 7/13 levels left

rFire    . . .     SeeInvis .     - Unarmed
rCold    . . .     Gourm    .   (no shield)
rNeg     . . .     Faith    .   B - +0 robe
rPois    .         Spirit   .   E - +0 helmet
rElec    .         Reflect  .   (no cloak)
rCorr    .         Harm     .   (no gloves)
MR       .....                  (no boots)
Stlth    +.........             f - amulet of rage
HPRegen  0.11/turn              j - -2 ring of protection (curse)
MPRegen  0.12/turn              (no ring)

@: confused, very slightly contaminated
A: distributed training, fangs 1, strong nose
a: Evoke Berserk Rage


You were on level 3 of the Dungeon.
You were not hungry.

You visited 1 branch of the dungeon, and saw 3 of its levels.

You collected 38 gold pieces.

Inventory:

Hand Weapons
 a - a +0 dagger
Missiles
 e - 7 arrows
 k - 34 stones (quivered)
Armour
 B - a +0 robe (worn)
 E - a +0 helmet (worn)
Jewellery
 f - an amulet of rage (around neck)
   (You found it on level 2 of the Dungeon)
 j - a cursed -2 ring of protection (left hand)
   (You found it on level 2 of the Dungeon)
Scrolls
 b - a scroll of magic mapping {unknown}
 i - a scroll of identify {unknown}
 l - a scroll of remove curse {unknown}
Potions
 g - a potion of heal wounds {unknown}
 h - a potion of might {unknown}
Books
 c - a book of Changes

   Spells                             Type                      Level
   a - Beastly Appendage              Transmutation                1
   b - Sticks to Snakes               Transmutation                2
   c - Spider Form                    Transmutation/Poison         3
   d - Ice Form                       Ice/Transmutation            4
   e - Blade Hands                    Transmutation                5
Comestibles
 d - 3 rations


   Skills:
 + Level 2.7 Fighting
 + Level 1.0 Short Blades
 + Level 1.0 Long Blades
 + Level 1.0 Axes
 + Level 1.0 Maces & Flails
 + Level 1.0 Polearms
 + Level 1.0 Staves
 + Level 1.0 Slings
 + Level 1.0 Bows
 + Level 1.0 Crossbows
 + Level 1.0 Throwing
 + Level 1.0 Armour
 + Level 4.6 Dodging
 + Level 1.0 Stealth
 + Level 1.0 Shields
 + Level 6.6 Unarmed Combat
 + Level 5.0 Spellcasting
 + Level 0.8 Conjurations
 + Level 0.8 Hexes
 + Level 0.8 Charms
 + Level 0.8 Summonings
 + Level 0.8 Necromancy
 + Level 0.8 Translocations
 + Level 3.8 Transmutations
 + Level 0.8 Fire Magic
 + Level 0.8 Ice Magic
 + Level 0.8 Air Magic
 + Level 0.8 Earth Magic
 + Level 0.8 Poison Magic
 + Level 1.1 Invocations
 + Level 1.0 Evocations


You had 7 spell levels left.
You knew the following spells:

 Your Spells              Type           Power        Failure   Level  Hunger
e - Beastly Appendage     Tmut           ###...       3%          1    None
k - Sticks to Snakes      Tmut           ###.....     4%          2    #......
p - Spider Form           Tmut/Pois      ##........   16%         3    ###....


Dungeon Overview and Level Annotations

Branches:
Dungeon (3/15)

Altars:
Elyvilon
Nemelex Xobeh


Innate Abilities, Weirdness & Mutations

Your experience applies equally to all skills.
You have very sharp teeth.
Your uncanny sense of smell can sniff out nearby items.


Message History

Your Long Blades skill increases to level 1!
Your Axes skill increases to level 1!
Your Maces & Flails skill increases to level 1!
Your Polearms skill increases to level 1!
Your Staves skill increases to level 1!
Your Slings skill increases to level 1!
Your Bows skill increases to level 1!
Your Crossbows skill increases to level 1!
Your Throwing skill increases to level 1!
Your Armour skill increases to level 1!
Your Stealth skill increases to level 1!
Your Shields skill increases to level 1!
Your Evocations skill increases to level 1!
You have reached level 4!
You feel clever.
Your ball python misses the frilled lizard.
Your ball python barely misses the frilled lizard.
The frilled lizard misses you.
You hit the frilled lizard.
You kill the frilled lizard!
You see here a giant cockroach corpse.
Your transformation has ended.
Your +0 helmet unmelds from your body.
Your +0 robe unmelds from your body.
Unknown command.
You hit the ball python.
The ball python is heavily wounded.
Your ball python bites the ball python.
Your ball python grabs the ball python.
Your ball python constricts the ball python.
The ball python dies!
Your ball python withers and dies!
You see here 13 stones.
k - 13 stones You see here a ration.
d - 3 rations (gained 1)
Found 21 stones.
Found a stone staircase leading down.
Found 17 gold pieces and a scroll labeled ENTAYD ARGHEU.
Unknown command.
A hobgoblin comes into view.
The hobgoblin shouts!
You see here 21 stones.
Casting: Sticks to Snakes
Confirm with . or Enter, or press ? or * to list all spells.
You miscast Spider Form.
You are very lightly contaminated with residual magic.
Waves of light ripple over your body.
Casting: Spider Form
Confirm with . or Enter, or press ? or * to list all spells.
Your feet morph into talons.
You punch the hobgoblin!
You kill the hobgoblin!
k - 34 stones (gained 21)
You see here a scroll labeled ENTAYD ARGHEU.
l - a scroll labeled ENTAYD ARGHEU Your transformation is almost over.
You see here 17 gold pieces.
You now have 32 gold pieces (gained 17).
There is a stone staircase leading down here.
You climb downwards.
There is a stone staircase leading up here.
Unknown command.
Your talons disappear.
Found a stone staircase leading down.
There is a stone staircase leading up here.
You climb upwards.
There is a stone staircase leading down here.
Unknown command.
Your magical contamination has completely faded away.
You see here a giant cockroach corpse.
You see here 6 gold pieces.
You now have 38 gold pieces (gained 6).
There is a stone staircase leading down here.
You climb downwards.
A quokka comes into view.
There is a stone staircase leading up here.
Casting: Beastly Appendage
Confirm with . or Enter, or press ? or * to list all spells.
You miscast Spider Form.
You are very lightly contaminated with residual magic.
Your skin glows momentarily.
Casting: Spider Form
Confirm with . or Enter, or press ? or * to list all spells.
You miscast Spider Form.
You are engulfed in noxious fumes.
You choke on the stench!
You are confused.
You are engulfed in noxious fumes.
You choke on the stench!
You are more confused.
In your confused state, you trip and fall back down the stairs.
You are engulfed in noxious fumes.
You choke on the stench!
You are more confused.
The quokka barely misses you.
Unknown command.
You are engulfed in noxious fumes.
You choke on the stench!
You are more confused.
The quokka completely misses you.
In your confused state, you trip and fall back down the stairs.
You are engulfed in noxious fumes.
You choke on the stench!
You are more confused.
The quokka bites you.
Unknown command.
Are you sure you want to abandon this character and quit the game? (Confirm with "yes".)

.. .. .#
##. #..
..
#.###....
#r.......
#@# ###


You could see a quokka.

Vanquished Creatures
  Natasha (twice) (D:2)
  An adder (D:2)
  A bat (D:1)
  2 giant cockroaches (D:2)
  A goblin (D:2)
  5 hobgoblins
  4 jackals (D:2)
  A ball python (D:1)
  A frilled lizard (D:2)
  A kobold (D:1)
  A rat (D:2)
20 creatures vanquished.

Vanquished Creatures (collateral kills)
  A ball python (D:2)
1 creature vanquished.

Grand Total: 21 creatures vanquished

Notes
Turn   | Place    | Note
-------+----------+-------------------------------------------
     0 | D:1      | tidbits the Gnoll Transmuter began the quest for the Orb.
     0 | D:1      | Reached XP level 1. HP: 17/17 MP: 6/6
   143 | D:2      | Reached XP level 2. HP: 23/23 MP: 5/7
   147 | D:2      | Learned a level 2 spell: Sticks to Snakes
   181 | D:2      | Reached XP level 3. HP: 25/28 MP: 3/9
   186 | D:2      | Learned a level 3 spell: Spider Form
   187 | D:2      | Noticed Natasha
   190 | D:2      | Found a white marble altar of Elyvilon.
   195 | D:2      | Killed Natasha
   195 | D:2      | Reached skill level 5 in Spellcasting
   195 | D:2      | Reached skill level 1 in Invocations
   246 | D:2      | Found a sparkling altar of Nemelex Xobeh.
   255 | D:2      | Noticed Natasha
   265 | D:2      | Killed Natasha
   265 | D:2      | Reached skill level 1 in Short Blades
   265 | D:2      | Reached skill level 1 in Long Blades
   265 | D:2      | Reached skill level 1 in Axes
   265 | D:2      | Reached skill level 1 in Maces & Flails
   265 | D:2      | Reached skill level 1 in Polearms
   265 | D:2      | Reached skill level 1 in Staves
   265 | D:2      | Reached skill level 1 in Slings
   265 | D:2      | Reached skill level 1 in Bows
   265 | D:2      | Reached skill level 1 in Crossbows
   265 | D:2      | Reached skill level 1 in Throwing
   265 | D:2      | Reached skill level 1 in Armour
   265 | D:2      | Reached skill level 1 in Stealth
   265 | D:2      | Reached skill level 1 in Shields
   265 | D:2      | Reached skill level 1 in Evocations
   265 | D:2      | Reached XP level 4. HP: 21/34 MP: 1/11
   355 | D:3      | Quit the game

Skill      XL: |  1  2  3 |
---------------+----------+-----
Spellcasting   | 5 |  5.0
Invocations    | 1 |  1.1
Short Blades   | 1 |  1.0
Long Blades    | 1 |  1.0
Axes           | 1 |  1.0
Maces & Flails | 1 |  1.0
Polearms       | 1 |  1.0
Staves         | 1 |  1.0
Slings         | 1 |  1.0
Bows           | 1 |  1.0
Crossbows      | 1 |  1.0
Throwing       | 1 |  1.0
Armour         | 1 |  1.0
Stealth        | 1 |  1.0
Shields        | 1 |  1.0
Evocations     | 1 |  1.0
Fighting       | |  2.7
Dodging        | |  4.6
Unarmed Combat | |  6.6
Conjurations   | |  0.8
Hexes          | |  0.8
Charms         | |  0.8
Summonings     | |  0.8
Necromancy     | |  0.8
Translocations | |  0.8
Transmutations | |  3.8
Fire Magic     | |  0.8
Ice Magic      | |  0.8
Air Magic      | |  0.8
Earth Magic    | |  0.8
Poison Magic   | |  0.8

Action                   |  1- 3 |  4- 6 || total
-------------------------+-------+-------++-------
Melee: Unarmed           |    33 |     3 ||    36
       Punch             |     1 |       ||     1
       Kick              |     5 |       ||     5
 Cast: Beastly Appendage |     7 |     1 ||     8
       Sticks to Snakes  |     5 |       ||     5
       Spider Form       |     1 |       ||     1
 Stab: Sleeping          |     1 |       ||     1
Armor: Robe              |     2 |       ||     2
Dodge: Dodged            |    20 |     3 ||    23

Table legend:
 A = Turns spent in this place as a percentage of turns spent in the entire game.
 B = Non-inter-level travel turns spent in this place as a percentage of non-inter-level travel turns spent in the entire game.
 C = Inter-level travel turns spent in this place as a percentage of turns spent in this place.
 D = Turns resting spent in this place as a percentage of non-inter-level travel turns spent in this place.
 E = Turns spent auto-exploring this place as a percentage of non-inter-level travel turns spent in this place.
 F = Non-inter-level travel turns spent in this place divided by the number of levels of this place that you've seen.
                   A       B       C       D       E      F
               +-------+-------+-------+-------+-------+----------------------
         Total | 100.0 | 100.0 |   0.0 |   0.0 |   0.0 | 118.3
       Dungeon | 100.0 | 100.0 |   0.0 |   0.0 |   0.0 | 118.3
               +-------+-------+-------+-------+-------+----------------------

Table legend:
 A = Kills in this place as a percentage of kills in entire the game.
 B = Kills by you in this place as a percentage of kills by you in the entire game.
 C = Kills by friends in this place as a percentage of kills by friends in the entire game.
 D = Other kills in this place as a percentage of other kills in the entire game.
 E = Experience gained in this place as a percentage of experience gained in the entire game.
 F = Experience gained in this place divided by the number of levels of this place that you have seen.
                   A       B       C       D       E      F
               +-------+-------+-------+-------+-------+----------------------
         Total | 100.0 | 100.0 | 100.0 |   N/A | 100.0 |  34.7
       Dungeon | 100.0 | 100.0 | 100.0 |   N/A | 100.0 |  34.7
               +-------+-------+-------+-------+-------+----------------------

Vault maps used:
D:1:      saegor_arrival_simple_e
D:2:      old_standard_altar, lemuel_coloured_pillars_altar, elyvilon_altar_5,
          uniq_natasha
D:3:      okawaru_ov_weapons_minmay, nemelex_altar_shiori
